AoeStats
← 恆浪蕩

Nomad

509137764Analyzed
3v3 RM · 5d ago on Sep 25, 2026· 19m 32s· 6 players
Game mode
Random Map
Map size
210×210
Population
200
Speed
Normal
Resources
Standard
Victory
Conquest
Starting age
Dark Age
Ending age
Imperial Age
RankedLock teamsTeams togetherTeam positionsShared explorationLock speedFull tech treeHidden civsTurbo modeCheats
Victory
Defeat
🇹🇼 Varangians · Taiwan
1726
+13
🇹🇼 Danes · Taiwan
1702
+14
🇹🇼 Spanish · Taiwan
1667
+15
🇹🇼 Vietnamese · Taiwan
1703
-15
🇦🇷 Wei · Argentina
1668
-15
🇹🇼 Persians · Taiwan
1605
-12
恆浪蕩
4:49 Loom
5:27 Loom
12:07 Feudal Age
15:50 Fletching
17:08 Double-Bit Axe
21:14 Castle Age
默默默默默
4:26 Loom
13:06 Feudal Age
18:18 Castle Age
18:11 Double-Bit Axe
19:33 Fletching
PAI
12:53 Feudal Age
16:44 Castle Age
15:42 Double-Bit Axe
15:51 Gold Mining
17:05 Fletching
17:36 Loom
皮眼派對
4:30 Loom
11:27 Feudal Age
10:32 Loom
12:18 Double-Bit Axe
17:51 Forging
包莖
4:45 Loom
13:17 Feudal Age
17:07 Castle Age
15:50 Double-Bit Axe
18:01 Bow Saw
暴陽
11:44 Loom
14:03 Feudal Age
17:54 Castle Age
16:08 Fishing Lines
16:40 Double-Bit Axe
18:49 Bow Saw
18:38 Fletching
19:21 Bodkin Arrow
19:32 Gold Mining
Connection lost

Rejoining the realm…

Still unreachable

The connection could not be restored.

Session expired

The server has moved on; the page needs a fresh start.